 Dungeon Crawl Stone Soup version 0.19.0-24-gb05acd6 (webtiles) character file.

14 equalderp2856 the Charmwright (level 2, 0/13 HPs)
             Began as a Felid Skald on Nov 23, 2016.
             Slain by a jackal (3 damage)
             ... on level 1 of the Dungeon.
             The game lasted 00:00:52 (287 turns).

equalderp2856 the Charmwright (Felid Skald)          Turns: 287, Time: 00:00:53

Health: 0/13       AC:  1    Str:  8    XL:     2   Next: 27%
Magic:  6/6        EV: 17    Int: 13    God:
Gold:   21         SH:  0    Dex: 15    Spells: 1 memorised, 4 levels left
                                        Lives:  0   Deaths: 0

rFire  . . .     SeeInvis +       - Unarmed
rCold  . . .     Gourm    .     (armour unavailable)
rNeg   . . .     Faith    .     (shield unavailable)
rPois  .         Spirit   .     (helmet unavailable)
rElec  .         Reflect  .     (cloak unavailable)
rCorr  .         Harm     .     (gloves unavailable)
MR     .....                    (boots unavailable)
Stlth  ++........               (no amulet)
                                (no ring)
                                (no ring)

@: quick
A: no armour, no weapons or thrown items, stealth, claws 1, fangs 3, see
invisible, carnivore 3, speed 1, shaggy fur 1, slow metabolism 1, sharp paws
a: no special abilities


You were on level 1 of the Dungeon.
You were not hungry.

You visited 1 branch of the dungeon, and saw 1 of its levels.

You collected 21 gold pieces.

Inventory:

Scrolls
 c - a scroll of teleportation {unknown}
 e - a scroll of enchant weapon {unknown}
Potions
 d - a potion of curing {unknown}
 f - a potion of beneficial mutation {unknown}
Books
 a - a book of Battle

   Spells                             Type                      Level
   a - Infusion                       Charms                       1
   b - Shroud of Golubria             Charms/Translocation         2
   c - Song of Slaying                Charms                       2
   d - Spectral Weapon                Hexes/Charms                 3
   e - Regeneration                   Charms/Necromancy            3
Comestibles
 b - a meat ration


   Skills:
 + Level 2.2 Fighting
 + Level 2.1 Dodging
 + Level 2.2 Unarmed Combat
 + Level 2.1 Spellcasting
 + Level 4.0 Charms


You had 4 spell levels left.
You knew the following spells:

 Your Spells              Type           Power        Failure   Level  Hunger
a - Infusion              Chrm           ##..         6%          1    ##.....


Dungeon Overview and Level Annotations

Branches:
Dungeon (1/15)

Altars:


Innate Abilities, Weirdness & Mutations

You cannot wear armour.
You are incapable of wielding weapons or throwing items.
Your paws allow you to move quietly. (Stealth)
You have sharp claws.
You have razor-sharp teeth.
You have supernaturally acute eyesight. (SInv)
You are carnivorous and can eat meat at any time.
You cover ground quickly.
You are covered in fur. (AC +1)
You have a slow metabolism.
Your sharp claws are effective at attacking unaware monsters.


Message History

The jackal bites you but does no damage.
The jackal closely misses you. The jackal bites you.
You scratch the jackal.
You kill the jackal!
Your Charms skill increases to level 4!
The jackal barely misses you.
You barely miss the jackal. Your bite misses the jackal.
The jackal barely misses you. The jackal closely misses you.
You barely miss the jackal. You bite the jackal.
The jackal is lightly wounded.
The jackal barely misses you.
You scratch the jackal.
The jackal is almost dead.
The jackal bites you.
You closely miss the jackal. You bite the jackal, but do no damage.
The jackal is almost dead.
The jackal bites you.
* * * LOW HITPOINT WARNING * * *
The jackal bites you.
You die...

#. ###.#...#.# . .. #. #.
#....# #..# ## #. #. #.
#....# #..#####.#. ## #
#.##.#..###...........#
...#.#......#...########...#
.........#.##..## #..%#
#.......h# #...#
#.....#.#..#h# ######...####
#.....#.#..#@# #..........g.
#.......#..#.................
#.....###..######............
#.....# #..# ######...####
#####.. ...# #...# ### #.##
#...# #...# #...# ##...


You could see 2 jackals.

Vanquished Creatures
  A dart slug (D:1)
  A giant cockroach (D:1)
  2 goblins (D:1)
  A hobgoblin (D:1)
  A jackal (D:1)
  2 kobolds (D:1)
  A bat (D:1)
  2 rats (D:1)
11 creatures vanquished.

Notes
Turn   | Place    | Note
-------+----------+-------------------------------------------
     0 | D:1      | equalderp2856 the Felid Skald began the quest for the Orb.
     0 | D:1      | Reached XP level 1. HP: 9/9 MP: 4/4
   126 | D:1      | Reached XP level 2. HP: 13/13 MP: 6/6
   279 | D:1      | Reached skill level 4 in Charms
   287 | D:1      | Slain by a jackal

Skill      XL: |  1  2 |
---------------+-------+-----
Charms         | 4 |  4.0
Fighting       | |  2.2
Dodging        | |  2.1
Unarmed Combat | |  2.2
Spellcasting   | |  2.1

Action                   || total
-------------------------++-------
Melee: Unarmed           ||    25
       Bite              ||     4
Armor: Skin              ||     1
Dodge: Dodged            ||    23
